 Dungeon Crawl Stone Soup version 0.21.0-30-g47ce8e4 (webtiles) character file.

9538 tidbits the Covert (level 11, -9/181 HPs)
             Began as a Gnoll Enchanter on Jan 28, 2018.
             Was a Priest of Cheibriados.
             Mangled by an ice devil (16 damage)
             ... summoned by Frances
             ... on level 12 of the Dungeon.
             The game lasted 00:37:44 (4040 turns).

tidbits the Covert (Gnoll Enchanter)                Turns: 4040, Time: 00:37:45

Health: -9/181     AC: 25    Str: 23    XL:     11   Next: 48%
Magic:  15/23      EV:  2    Int: 32    God:    Cheibriados [***...]
Gold:   260        SH:  0    Dex: 22    Spells: 12/26 levels left

rFire    . . .     SeeInvis .     - Unarmed
rCold    . . .     Gourm    .   (no shield)
rNeg     + + +     Faith    .   (armour currently unavailable)
rPois    +         Spirit   .   (helmet currently unavailable)
rElec    .         Reflect  .   (cloak currently unavailable)
rCorr    .         Harm     .   (gloves currently unavailable)
MR       .....     NoTele   +   (boots currently unavailable)
Stlth    ..........             (no amulet)
HPRegen  0.40/turn              h - +4 ring of intelligence
MPRegen  0.18/turn              (no ring)

@: mighty, berserking, tree-form, very slow
A: distributed training, strong nose
a: Bend Time, Temporal Distortion, Renounce Religion


You were on level 12 of the Dungeon.
You worshipped Cheibriados.
Cheibriados was most pleased with you.
You were full.
You were a tree.
You visited 2 branches of the dungeon, and saw 13 of its levels.

You collected 318 gold pieces.
You spent 58 gold pieces at shops.

Inventory:

Hand Weapons
 a - a +1 dagger
 w - a +0 hand crossbow
 I - a +0 war axe of chopping
   (You took it off an orc on level 6 of the Dungeon)
 L - a +2 whip of flaming
   (You took it off Pikel on level 7 of the Dungeon)
 M - a +0 blowgun
 Z - a +0 morningstar
Missiles
 g - 147 arrows
 z - 20 poisoned needles
 E - a needle of paralysis
 J - 10 tomahawks
 O - 7 curare-tipped needles
 U - 3 poisoned tomahawks (quivered)
 V - 2 tomahawks of dispersal {!f}
 W - 4 throwing nets {!f}
Armour
 e - a +0 robe
 n - a +1 shield
 B - the +2 robe of Fun and Games (melded) {+Inv rCorr}
   (You found it on level 12 of the Dungeon)

   It lets you turn invisible.
   It protects you from acid and corrosion.
 F - a +0 pair of boots (melded)
 G - a +0 pair of gloves (melded)
 X - a +0 leather armour
Jewellery
 h - a +4 ring of intelligence (left branch)
   (You found it on level 2 of the Dungeon)
Wands
 f - a wand of iceblast (7)
 p - a wand of paralysis (4)
 s - a wand of polymorph (16)
Scrolls
 j - a scroll of amnesia
 k - 4 scrolls of teleportation
 o - a scroll of blinking
 r - 7 scrolls of remove curse
 y - a scroll of summoning {unknown}
 K - a scroll of acquirement {unknown}
 R - a scroll of noise {unknown}
 S - a scroll of immolation {unknown}
Potions
 b - 3 potions of lignification
 l - 3 potions of flight
 q - a potion of agility
 A - a potion of cancellation
 C - a potion of magic
 D - 2 potions of curing
 H - a potion of brilliance
 P - a potion of mutation {unknown}
 T - a potion of invisibility
Books
 c - a book of Maledictions

   Spells                             Type                      Level
   a - Corona                         Hexes                        1
   b - Ensorcelled Hibernation        Hexes/Ice                    2
   c - Confuse                        Hexes                        3
   d - Tukima's Dance                 Hexes                        3
   e - Dazzling Spray                 Conjuration/Hexes            3
 m - a book of Cantrips
   (You found it on level 3 of the Dungeon)

   Spells                             Type                      Level
   a - Confusing Touch                Hexes                        1
   b - Animate Skeleton               Necromancy                   1
   c - Summon Small Mammal            Summoning                    1
   d - Apportation                    Translocation                1
 t - a book of Callings
   (You found it on level 4 of the Dungeon)

   Spells                             Type                      Level
   a - Summon Small Mammal            Summoning                    1
   b - Call Imp                       Summoning                    2
   c - Call Canine Familiar           Summoning                    3
   d - Summon Guardian Golem          Hexes/Summoning              3
   e - Summon Lightning Spire         Summoning/Air                4
   f - Summon Ice Beast               Ice/Summoning                4
 u - a book of Misfortune
   (You found it on level 6 of the Dungeon)

   Spells                             Type                      Level
   a - Confusing Touch                Hexes                        1
   b - Confuse                        Hexes                        3
   c - Gell's Gravitas                Translocation                3
   d - Petrify                        Transmutation/Earth          4
   e - Metabolic Englaciation         Hexes/Ice                    5
   f - Yara's Violent Unravelling     Hexes/Transmutation          5
 Y - a book of Changes
   (You found it on level 11 of the Dungeon)

   Spells                             Type                      Level
   a - Beastly Appendage              Transmutation                1
   b - Sticks to Snakes               Transmutation                2
   c - Spider Form                    Transmutation/Poison         3
   d - Ice Form                       Ice/Transmutation            4
   e - Blade Hands                    Transmutation                5
Comestibles
 d - 19 rations


   Skills:
 + Level 6.2 Fighting
 + Level 6.8 Short Blades
 + Level 6.2 Long Blades
 + Level 6.2 Axes
 + Level 6.2 Maces & Flails
 + Level 6.2 Polearms
 + Level 6.2 Staves
 + Level 6.2 Slings
 + Level 6.2 Bows
 + Level 6.2 Crossbows
 + Level 6.2 Throwing
 + Level 6.2 Armour
 + Level 7.8 Dodging
 + Level 8.7 Stealth
 + Level 6.2 Shields
 + Level 6.2 Unarmed Combat
 + Level 8.1 Spellcasting
 + Level 5.1 Conjurations
 + Level 7.6 Hexes
 + Level 5.1 Charms
 + Level 5.1 Summonings
 + Level 5.1 Necromancy
 + Level 5.1 Translocations
 + Level 5.1 Transmutations
 + Level 5.1 Fire Magic
 + Level 5.1 Ice Magic
 + Level 5.1 Air Magic
 + Level 5.1 Earth Magic
 + Level 5.1 Poison Magic
 + Level 6.8 Invocations
 + Level 6.2 Evocations


You had 12 spell levels left.
You knew the following spells:

 Your Spells              Type           Power        Failure   Level  Hunger
a - Corona                Hex            ######.      1%          1    None
b - Apportation           Tloc           #####.       1%          1    None
c - Confuse               Hex            ######..     1%          3    None
d - Dazzling Spray        Conj/Hex       ######       1%          3    None
e - Ensorcelled Hibernat  Hex/Ice        ######       1%          2    None
f - Call Canine Familiar  Summ           #####...     1%          3    None
n - Animate Skeleton      Necr           N/A          1%          1    None


Dungeon Overview and Level Annotations

Branches:
Dungeon (12/15)            Temple (1/1) D:7
   Lair: D:8-11         Orc: D:9-12

Altars:
Ashenzari
Cheibriados
Dithmenos
Hepliaklqana
Kikubaaqudgha
Makhleb
Nemelex Xobeh
Qazlal
Ru
Sif Muna
Vehumet
Wu Jian
Xom
Yredelemnul
Zin
The Shining One
Jiyva

Shops:
D:7 *

Annotations:
D:9 1 runed door
D:12 Frances


Innate Abilities, Weirdness & Mutations

Your experience applies equally to all skills.
((You have very sharp teeth.))
Your uncanny sense of smell can sniff out nearby items.


Message History

You turn into a tree.
Your +0 pair of gloves melds into your body.
Your +0 pair of boots melds into your body.
The +2 robe of Fun and Games {+Inv rCorr} melds into your body.
Your roots penetrate the ground.
Frances hits you but does no damage.
You feel very mighty all of a sudden.
Frances whispers indecipherable words.
Helpless, you fail to dodge the shard of ice.
Wield which item (- for none, * to show all)? (? for menu, Esc to quit)
You are now empty-handed.
Frances hits you but does no damage.
You smack Frances!
Frances is lightly wounded.
You smack Frances!
Frances is lightly wounded.
Frances hits you with a hand axe!
The centaur warrior skeleton hits you but does no damage.
You barely miss Frances. You punch Frances!
Frances is lightly wounded.
Frances hits you with a hand axe!
* * * LOW HITPOINT WARNING * * *
The centaur warrior skeleton hits you.
* * * LOW HITPOINT WARNING * * *
You pummel Frances!!
Frances is moderately wounded.
Frances hits you with a hand axe.
* * * LOW HITPOINT WARNING * * *
The centaur warrior skeleton hits you but does no damage.
You smack Frances!
Frances is moderately wounded.
The centaur warrior skeleton hits you but does no damage.
Frances whispers indecipherable words.
Unknown command.
Wield which item (- for none, * to show all)? (? for menu, Esc to quit)
M - a +0 blowgun (weapon)
The centaur warrior skeleton hits you but does no damage.
Quiver which item? (- for none, * to show all) (? for menu, Esc to quit)
Quivering
E - 5 needles of paralysis for blowguns.
Firing (i - inventory. (,) - cycle):
E - 5 needles of paralysis (quivered)
Press: ? - help, Shift-Dir - straight line, f - sixfirhy
Aim: a sixfirhy (summoned)
You shoot a needle of paralysis. The needle of paralysis hits Frances!
Frances resists.
Frances is moderately wounded.
Frances mutters in a terrible tongue.
The centaur warrior skeleton hits you but does no damage.
Firing (i - inventory. (,) - cycle):
E - 4 needles of paralysis (quivered)
Press: ? - help, Shift-Dir - straight line, f/p - sixfirhy
Aim: a sixfirhy (summoned)
You shoot a needle of paralysis. The needle of paralysis hits Frances.
Frances resists.
Frances is moderately wounded.
Frances hits you but does no damage.
Firing (i - inventory. (,) - cycle):
E - 3 needles of paralysis (quivered)
Press: ? - help, Shift-Dir - straight line, f/p - sixfirhy
Aim: a sixfirhy (summoned)
You shoot a needle of paralysis. The needle of paralysis hits Frances!
Frances resists.
Frances is moderately wounded.
The centaur warrior skeleton hits you but does no damage.
Firing (i - inventory. (,) - cycle):
E - 2 needles of paralysis (quivered)
Press: ? - help, Shift-Dir - straight line, f/p - sixfirhy
Aim: a sixfirhy (summoned)
You shoot a needle of paralysis. The needle of paralysis hits Frances.
Frances resists.
Frances is moderately wounded.
The centaur warrior skeleton hits you.
* * * LOW HITPOINT WARNING * * *
Frances hits you with a hand axe.
* * * LOW HITPOINT WARNING * * *
The orange demon stings you but does no damage.
You cannot teleport because you are held in place by your roots.
Unknown command.
Okay, then.
Quiver which item? (- for none, * to show all) (? for menu, Esc to quit)
Quivering
O - 8 curare-tipped needles for blowguns.
Firing (i - inventory. (,) - cycle):
O - 8 curare-tipped needles (quivered)
Press: ? - help, Shift-Dir - straight line, f - Frances, p - sixfirhy
Aim: Frances, wielding a hand axe and wearing a chain mail (moderately wounded)
You shoot a curare-tipped needle. The curare-tipped needle hits Frances.
Frances is poisoned.
Frances convulses.
Frances seems to slow down.
Frances is heavily wounded.
The centaur warrior skeleton hits you but does no damage.
Wield which item (- for none, * to show all)? (? for menu, Esc to quit)
You are now empty-handed.
Frances chants phrases taken from a devil's mouth.
The iron shot hits you!
* * * LOW HITPOINT WARNING * * *
The orange demon stings you from afar.
* * * LOW HITPOINT WARNING * * *
The centaur warrior skeleton hits you.
* * * LOW HITPOINT WARNING * * *
It was a potion of berserk rage.
A red film seems to cover your vision as you go berserk!
Cheibriados protects you from inadvertent hurry.
You feel mighty! The centaur warrior skeleton hits you.
* * * LOW HITPOINT WARNING * * *
The ice devil hits you.
* * * LOW HITPOINT WARNING * * *
The ice devil freezes you!
You die...

*,* *,* #.*######............
*,* #,*##.*#......#......####
*,*##.,,..........#........#.
*,,..,.##.##.#....#........#.
***#..,......#.............#.
#...,#....#..........<..+.
#....##.....>...#<###...##
#........Z#4..............
#.#####..♣@3...........###
#[.......4#..###+###....#*
#######..#..##.....##....,
#....##..#.#..##....
**#...##..#...#..####+
#.....#..#.....#..##.#
#.....#.#.._._..#.#.#)
#.....'.....#.....'#.#
##.....#.#.._._..#.#.#.


You could see Frances, an orange demon, an ice devil, a sixfirhy and a centaur
warrior skeleton.

Vanquished Creatures
  4 two-headed ogres
  A wizard (D:11)
  Pikel (D:7)
  An ugly thing (D:11)
  The ghost of ceb the Skirmisher, a novice VSFi (D:6)
  A gargoyle (D:11)
  A slime creature (D:12)
  2 hornets
  2 hippogriffs
  A wyvern (D:11)
  3 yaks (D:10)
  Sigmund (D:2)
  2 hungry ghosts
  A soldier ant (D:11)
  Duvessa (D:7)
  2 orc warriors
  A slave (D:7)
  A black bear (D:8)
  An ice beast (D:7)
  2 ogres (D:7)
  4 centaurs
  A big kobold (D:7)
  7 bullfrogs
  A water moccasin zombie (D:5)
  Dowan (D:7)
  A wyvern zombie (D:7)
  2 scorpions
  A wight (D:8)
  4 crimson imps
  A bullfrog zombie (D:5)
  2 centaur zombies
  3 hounds
  An orc priest (D:7)
  A centaur skeleton (D:4)
  2 jellies
  2 bullfrog skeletons
  5 orc wizards
  2 iguanas
  8 worker ants
  3 hound zombies
  A hound skeleton (D:7)
  2 worker ant zombies (D:5)
  3 gnolls (D:3)
  8 adders
  A shadow imp (D:9)
  2 adder zombies
  3 oozes
  2 worms
  A leopard gecko (D:5)
  33 orcs
  3 ball pythons
  4 bats
  3 giant cockroaches
  5 goblins
  5 hobgoblins
  6 jackals (D:6)
  5 kobolds (D:7)
  4 quokkas
  A frilled lizard (D:1)
  5 rats
179 creatures vanquished.

Vanquished Creatures (others)
  4 kobolds (D:7)
  A leopard gecko skeleton (D:7)
5 creatures vanquished.

Grand Total: 184 creatures vanquished

Notes
Turn   | Place    | Note
-------+----------+-------------------------------------------
     0 | D:1      | tidbits the Gnoll Enchanter began the quest for the Orb.
     0 | D:1      | Reached XP level 1. HP: 13/13 MP: 6/6
    59 | D:1      | Reached XP level 2. HP: 12/19 MP: 5/7
    63 | D:1      | Learned a level 2 spell: Ensorcelled Hibernation
   104 | D:2      | Noticed Sigmund
   114 | D:2      | Killed Sigmund
   114 | D:2      | Reached skill level 1 in Fighting
   114 | D:2      | Reached skill level 1 in Long Blades
   114 | D:2      | Reached skill level 1 in Axes
   114 | D:2      | Reached skill level 1 in Maces & Flails
   114 | D:2      | Reached skill level 1 in Polearms
   114 | D:2      | Reached skill level 1 in Staves
   114 | D:2      | Reached skill level 1 in Slings
   114 | D:2      | Reached skill level 1 in Bows
   114 | D:2      | Reached skill level 1 in Crossbows
   114 | D:2      | Reached skill level 1 in Throwing
   114 | D:2      | Reached skill level 1 in Armour
   114 | D:2      | Reached skill level 6 in Stealth
   114 | D:2      | Reached skill level 1 in Shields
   114 | D:2      | Reached skill level 1 in Unarmed Combat
   114 | D:2      | Reached skill level 5 in Spellcasting
   114 | D:2      | Reached skill level 1 in Conjurations
   114 | D:2      | Reached skill level 1 in Charms
   114 | D:2      | Reached skill level 1 in Summonings
   114 | D:2      | Reached skill level 1 in Necromancy
   114 | D:2      | Reached skill level 1 in Translocations
   114 | D:2      | Reached skill level 1 in Transmutations
   114 | D:2      | Reached skill level 1 in Fire Magic
   114 | D:2      | Reached skill level 1 in Ice Magic
   114 | D:2      | Reached skill level 1 in Air Magic
   114 | D:2      | Reached skill level 1 in Earth Magic
   114 | D:2      | Reached skill level 1 in Poison Magic
   114 | D:2      | Reached skill level 1 in Invocations
   114 | D:2      | Reached skill level 1 in Evocations
   114 | D:2      | Reached XP level 3. HP: 26/26 MP: 1/9
   114 | D:2      | Reached XP level 4. HP: 32/32 MP: 1/11
   114 | D:2      | Reached XP level 5. HP: 37/37 MP: 1/12
   237 | D:2      | Found a shattered altar of Ashenzari.
   256 | D:2      | Reached skill level 3 in Short Blades
   332 | D:2      | Found a sparkling altar of Nemelex Xobeh.
   429 | D:3      | Reached XP level 6. HP: 23/44 MP: 9/13
   436 | D:3      | Reached skill level 2 in Invocations
   518 | D:3      | Learned a level 1 spell: Apportation
   526 | D:3      | Learned a level 3 spell: Confuse
   528 | D:3      | Learned a level 1 spell: Animate Skeleton
   532 | D:3      | Learned a level 3 spell: Dazzling Spray
   677 | D:3      | Reached skill level 5 in Dodging
   798 | D:2      | Found a shimmering altar of Xom.
   802 | D:2      | Reached skill level 2 in Fighting
   802 | D:2      | Reached skill level 2 in Long Blades
   802 | D:2      | Reached skill level 2 in Axes
   802 | D:2      | Reached skill level 2 in Maces & Flails
   802 | D:2      | Reached skill level 2 in Polearms
   802 | D:2      | Reached skill level 2 in Staves
   802 | D:2      | Reached skill level 2 in Slings
   802 | D:2      | Reached skill level 2 in Bows
   802 | D:2      | Reached skill level 2 in Crossbows
   802 | D:2      | Reached skill level 2 in Throwing
   802 | D:2      | Reached skill level 2 in Armour
   802 | D:2      | Reached skill level 2 in Shields
   802 | D:2      | Reached skill level 2 in Unarmed Combat
   802 | D:2      | Reached skill level 2 in Evocations
  1056 | D:4      | Learned a level 3 spell: Call Canine Familiar
  1094 | D:5      | Entered Level 5 of the Dungeon
  1192 | D:6      | Reached XP level 7. HP: 50/50 MP: 10/15
  1278 | D:7      | Noticed Duvessa
  1278 | D:7      | Noticed Dowan
  1282 | D:7      | Killed Duvessa
  1282 | D:7      | Reached skill level 2 in Conjurations
  1282 | D:7      | Reached skill level 2 in Charms
  1282 | D:7      | Reached skill level 2 in Summonings
  1282 | D:7      | Reached skill level 2 in Necromancy
  1282 | D:7      | Reached skill level 2 in Translocations
  1282 | D:7      | Reached skill level 2 in Transmutations
  1282 | D:7      | Reached skill level 2 in Fire Magic
  1282 | D:7      | Reached skill level 2 in Ice Magic
  1282 | D:7      | Reached skill level 2 in Air Magic
  1282 | D:7      | Reached skill level 2 in Earth Magic
  1282 | D:7      | Reached skill level 2 in Poison Magic
  1284 | D:7      | Killed Dowan
  1321 | D:7      | Found an ancient bone altar of Kikubaaqudgha.
  1346 | D:7      | Reached skill level 3 in Invocations
  1491 | D:6      | Reached XP level 8. HP: 53/57 MP: 14/16
  1533 | D:6      | Found a burning altar of Makhleb.
  1538 | D:6      | Reached skill level 6 in Hexes
  1618 | D:5      | Reached skill level 3 in Fighting
  1618 | D:5      | Reached skill level 4 in Short Blades
  1618 | D:5      | Reached skill level 3 in Long Blades
  1618 | D:5      | Reached skill level 3 in Axes
  1618 | D:5      | Reached skill level 3 in Maces & Flails
  1618 | D:5      | Reached skill level 3 in Polearms
  1618 | D:5      | Reached skill level 3 in Staves
  1618 | D:5      | Reached skill level 3 in Slings
  1618 | D:5      | Reached skill level 3 in Bows
  1618 | D:5      | Reached skill level 3 in Crossbows
  1618 | D:5      | Reached skill level 3 in Throwing
  1618 | D:5      | Reached skill level 3 in Armour
  1618 | D:5      | Reached skill level 3 in Shields
  1618 | D:5      | Reached skill level 3 in Unarmed Combat
  1618 | D:5      | Reached skill level 3 in Evocations
  1731 | D:5      | Found a shadowy altar of Dithmenos.
  1807 | D:4      | Reached skill level 6 in Spellcasting
  2085 | D:6      | Noticed ceb's ghost (novice VSFi)
  2093 | D:6      | Killed ceb's ghost
  2093 | D:6      | Reached skill level 7 in Stealth
  2313 | D:6      | Reached skill level 4 in Invocations
  2386 | D:6      | Noticed a moth of wrath
  2403 | D:6      | Reached skill level 3 in Conjurations
  2403 | D:6      | Reached skill level 3 in Charms
  2403 | D:6      | Reached skill level 3 in Summonings
  2403 | D:6      | Reached skill level 3 in Necromancy
  2403 | D:6      | Reached skill level 3 in Translocations
  2403 | D:6      | Reached skill level 3 in Transmutations
  2403 | D:6      | Reached skill level 3 in Fire Magic
  2403 | D:6      | Reached skill level 3 in Ice Magic
  2403 | D:6      | Reached skill level 3 in Air Magic
  2403 | D:6      | Reached skill level 3 in Earth Magic
  2403 | D:6      | Reached skill level 3 in Poison Magic
  2403 | D:6      | Reached XP level 9. HP: 38/65 MP: 4/18
  2463 | D:6      | Reached skill level 6 in Dodging
  2702 | D:7      | Found Udotu's Assorted Antiques.
  2706 | D:7      | Noticed Pikel
  2710 | D:7      | Bought a scroll labeled COWIUJEGAI for 29 gold pieces
  2710 | D:7      | Bought a scroll labeled DORPHA RAUKA for 29 gold pieces
  2752 | D:7      | Killed Pikel
  2752 | D:7      | Reached skill level 4 in Fighting
  2752 | D:7      | Reached skill level 5 in Short Blades
  2752 | D:7      | Reached skill level 4 in Long Blades
  2752 | D:7      | Reached skill level 4 in Axes
  2752 | D:7      | Reached skill level 4 in Maces & Flails
  2752 | D:7      | Reached skill level 4 in Polearms
  2752 | D:7      | Reached skill level 4 in Staves
  2752 | D:7      | Reached skill level 4 in Slings
  2752 | D:7      | Reached skill level 4 in Bows
  2752 | D:7      | Reached skill level 4 in Crossbows
  2752 | D:7      | Reached skill level 4 in Throwing
  2752 | D:7      | Reached skill level 4 in Armour
  2752 | D:7      | Reached skill level 4 in Shields
  2752 | D:7      | Reached skill level 4 in Unarmed Combat
  2752 | D:7      | Reached skill level 4 in Evocations
  2758 | D:7      | Found a staircase to the Ecumenical Temple.
  2765 | Temple   | Entered the Ecumenical Temple
  2785 | Temple   | Became a worshipper of Cheibriados the Contemplative
  2830 | D:7      | Found a deep blue altar of Sif Muna.
  2873 | D:8      | Noticed a two-headed ogre
  2888 | D:8      | Killed a two-headed ogre
  2888 | D:8      | Reached skill level 7 in Spellcasting
  2888 | D:8      | Reached skill level 5 in Invocations
  2888 | D:8      | Reached XP level 10. HP: 36/73 MP: 1/20
  2928 | D:9      | Found a glowing golden altar of the Shining One.
  2928 | D:9      | Found a runed door.
  2928 | D:9      | Noticed an angel
  2933 | D:9      | Found a radiant altar of Vehumet.
  2951 | D:9      | Reached * piety under Cheibriados
  2964 | D:9      | Found a stormy altar of Qazlal.
  2983 | D:9      | Noticed a two-headed ogre
  2990 | D:9      | Killed a two-headed ogre
  2990 | D:9      | Reached skill level 5 in Fighting
  2990 | D:9      | Reached skill level 5 in Long Blades
  2990 | D:9      | Reached skill level 5 in Axes
  2990 | D:9      | Reached skill level 5 in Maces & Flails
  2990 | D:9      | Reached skill level 5 in Polearms
  2990 | D:9      | Reached skill level 5 in Staves
  2990 | D:9      | Reached skill level 5 in Slings
  2990 | D:9      | Reached skill level 5 in Bows
  2990 | D:9      | Reached skill level 5 in Crossbows
  2990 | D:9      | Reached skill level 5 in Throwing
  2990 | D:9      | Reached skill level 5 in Armour
  2990 | D:9      | Reached skill level 5 in Shields
  2990 | D:9      | Reached skill level 5 in Unarmed Combat
  2990 | D:9      | Reached skill level 4 in Conjurations
  2990 | D:9      | Reached skill level 4 in Charms
  2990 | D:9      | Reached skill level 4 in Summonings
  2990 | D:9      | Reached skill level 4 in Necromancy
  2990 | D:9      | Reached skill level 4 in Translocations
  2990 | D:9      | Reached skill level 4 in Transmutations
  2990 | D:9      | Reached skill level 4 in Fire Magic
  2990 | D:9      | Reached skill level 4 in Ice Magic
  2990 | D:9      | Reached skill level 4 in Air Magic
  2990 | D:9      | Reached skill level 4 in Earth Magic
  2990 | D:9      | Reached skill level 4 in Poison Magic
  2990 | D:9      | Reached skill level 5 in Evocations
  2998 | D:10     | Entered Level 10 of the Dungeon
  3112 | D:10     | Reached skill level 7 in Hexes
  3168 | D:10     | Reached skill level 8 in Stealth
  3185 | D:10     | Reached skill level 7 in Dodging
  3354 | D:10     | Reached ** piety under Cheibriados
  3374 | D:10     | Reached skill level 6 in Short Blades
  3477 | D:11     | Reached skill level 6 in Invocations
  3511 | D:11     | Noticed a two-headed ogre
  3523 | D:11     | Killed a two-headed ogre
  3596 | D:11     | Reached XP level 11. HP: 62/81 MP: 18/22
  3598 | D:11     | Noticed a white ugly thing
  3607 | D:11     | Killed a white ugly thing
  3703 | D:11     | Noticed a wizard
  3718 | D:11     | Killed a wizard
  3751 | D:11     | Reached skill level 6 in Fighting
  3751 | D:11     | Reached skill level 6 in Long Blades
  3751 | D:11     | Reached skill level 6 in Axes
  3751 | D:11     | Reached skill level 6 in Maces & Flails
  3751 | D:11     | Reached skill level 6 in Polearms
  3751 | D:11     | Reached skill level 6 in Staves
  3751 | D:11     | Reached skill level 6 in Slings
  3751 | D:11     | Reached skill level 6 in Bows
  3751 | D:11     | Reached skill level 6 in Crossbows
  3751 | D:11     | Reached skill level 6 in Throwing
  3751 | D:11     | Reached skill level 6 in Armour
  3751 | D:11     | Reached skill level 6 in Shields
  3751 | D:11     | Reached skill level 6 in Unarmed Combat
  3751 | D:11     | Reached skill level 6 in Evocations
  3781 | D:11     | Reached *** piety under Cheibriados
  3781 | D:11     | Reached skill level 5 in Conjurations
  3781 | D:11     | Reached skill level 5 in Charms
  3781 | D:11     | Reached skill level 5 in Summonings
  3781 | D:11     | Reached skill level 5 in Necromancy
  3781 | D:11     | Reached skill level 5 in Translocations
  3781 | D:11     | Reached skill level 5 in Transmutations
  3781 | D:11     | Reached skill level 5 in Fire Magic
  3781 | D:11     | Reached skill level 5 in Ice Magic
  3781 | D:11     | Reached skill level 5 in Air Magic
  3781 | D:11     | Reached skill level 5 in Earth Magic
  3781 | D:11     | Reached skill level 5 in Poison Magic
  3835 | D:12     | Noticed Frances
  3863 | D:12     | Got a fine robe
  3874 | D:12     | Identified the +2 robe of Fun and Games {+Inv rCorr} (You found it on level 12 of the Dungeon)
  3887 | D:12     | Found a shimmering altar of Xom.
  3949 | D:12     | Noticed a two-headed ogre
  3955 | D:12     | Killed a two-headed ogre
  3955 | D:12     | Reached skill level 8 in Spellcasting
  3972 | D:12     | Found an ornate altar of the Wu Jian Council.
  3973 | D:12     | Found a glowing silver altar of Zin.
  3973 | D:12     | Found an ancient bone altar of Kikubaaqudgha.
  3973 | D:12     | Found a glowing silver altar of Zin.
  3995 | D:12     | Noticed a manticore
  3997 | D:12     | Noticed a two-headed ogre
  3998 | D:12     | Noticed a cyclops
  4033 | D:12     | Noticed a sixfirhy
  4039 | D:12     | HP: 11/121 [orange demon[Frances] (5)]
  4040 | D:12     | Mangled by an ice devil

Skill      XL: |  1  2  3  4  5  6  7  8  9 10 11 |
---------------+----------------------------------+-----
Fighting       | 1 2 3 4 5 6 |  6.2
Long Blades    | 1 2 3 4 5 6 |  6.2
Axes           | 1 2 3 4 5 6 |  6.2
Maces & Flails | 1 2 3 4 5 6 |  6.2
Polearms       | 1 2 3 4 5 6 |  6.2
Staves         | 1 2 3 4 5 6 |  6.2
Slings         | 1 2 3 4 5 6 |  6.2
Bows           | 1 2 3 4 5 6 |  6.2
Crossbows      | 1 2 3 4 5 6 |  6.2
Throwing       | 1 2 3 4 5 6 |  6.2
Armour         | 1 2 3 4 5 6 |  6.2
Stealth        | 6 7 8 |  8.7
Shields        | 1 2 3 4 5 6 |  6.2
Unarmed Combat | 1 2 3 4 5 6 |  6.2
Spellcasting   | 5 6 7 8 |  8.1
Conjurations   | 1 2 3 4 5 |  5.1
Charms         | 1 2 3 4 5 |  5.1
Summonings     | 1 2 3 4 5 |  5.1
Necromancy     | 1 2 3 4 5 |  5.1
Translocations | 1 2 3 4 5 |  5.1
Transmutations | 1 2 3 4 5 |  5.1
Fire Magic     | 1 2 3 4 5 |  5.1
Ice Magic      | 1 2 3 4 5 |  5.1
Air Magic      | 1 2 3 4 5 |  5.1
Earth Magic    | 1 2 3 4 5 |  5.1
Poison Magic   | 1 2 3 4 5 |  5.1
Invocations    | 1 2 3 4 5 6 |  6.8
Evocations     | 1 2 3 4 5 6 |  6.2
Short Blades   | 3 4 5 6 |  6.8
Dodging        | 5 6 7 |  7.8
Hexes          | 6 7 |  7.6

Action                   |  1- 3 |  4- 6 |  7- 9 | 10-12 || total
-------------------------+-------+-------+-------+-------++-------
Melee: Dagger            |    14 |   116 |   172 |    82 ||   384
       Bite              |       |     3 |    13 |    10 ||    26
       Punch             |       |     3 |     5 |     3 ||    11
       Unarmed           |       |     3 |    10 |     5 ||    18
 Fire: Blowgun           |       |       |       |     5 ||     5
Throw: Tomahawk          |       |       |    11 |       ||    11
 Cast: Corona            |     2 |    14 |       |       ||    16
       Ensorcelled Hiber |     2 |    42 |    46 |    35 ||   125
       Confuse           |       |     3 |    26 |    17 ||    46
       Dazzling Spray    |       |       |     4 |     8 ||    12
Evoke: Wand              |       |       |       |     5 ||     5
  Use: Potion            |     3 |     2 |     2 |     3 ||    10
       Scroll            |       |       |    11 |     8 ||    19
 Stab: Sleeping          |     5 |    33 |    39 |    36 ||   113
       Confused          |       |       |    20 |     9 ||    29
       Paralysed         |       |       |       |     3 ||     3
       Invisible         |       |       |       |     1 ||     1
  Eat: Ration            |       |     2 |     2 |     1 ||     5
Armor: Robe              |       |    16 |    21 |    10 ||    47
       Skin              |       |     3 |     8 |    11 ||    22
Dodge: Dodged            |     8 |    72 |   110 |    72 ||   262

Table legend:
 A = Turns spent in this place as a percentage of turns spent in the entire game.
 B = Non-inter-level travel turns spent in this place as a percentage of non-inter-level travel turns spent in the entire game.
 C = Inter-level travel turns spent in this place as a percentage of turns spent in this place.
 D = Turns resting spent in this place as a percentage of non-inter-level travel turns spent in this place.
 E = Turns spent auto-exploring this place as a percentage of non-inter-level travel turns spent in this place.
 F = Non-inter-level travel turns spent in this place divided by the number of levels of this place that you've seen.
                   A       B       C       D       E      F
               +-------+-------+-------+-------+-------+----------------------
         Total | 100.0 | 100.0 |   1.7 |   0.1 |   0.0 | 305.6
       Dungeon |  99.1 |  99.4 |   1.3 |   0.1 |   0.0 | 329.2
        Temple |   0.9 |   0.6 |  37.1 |   0.0 |   0.0 |  22.0
               +-------+-------+-------+-------+-------+----------------------

Table legend:
 A = Kills in this place as a percentage of kills in entire the game.
 B = Kills by you in this place as a percentage of kills by you in the entire game.
 C = Kills by friends in this place as a percentage of kills by friends in the entire game.
 D = Other kills in this place as a percentage of other kills in the entire game.
 E = Experience gained in this place as a percentage of experience gained in the entire game.
 F = Experience gained in this place divided by the number of levels of this place that you have seen.
                   A       B       C       D       E      F
               +-------+-------+-------+-------+-------+----------------------
         Total | 100.0 | 100.0 |   N/A |   N/A | 100.0 | 1048.2
       Dungeon | 100.0 | 100.0 |   N/A |   N/A | 100.0 | 1135.5
               +-------+-------+-------+-------+-------+----------------------

Vault maps used:
D:1:      dpeg_arrival_rhombus, hangedman_decor_clover_reticule,
          minmay_pentomino_p2
D:2:      nicolae_overflow_crystal_walls, marbit_many_paths,
          evilmike_ruin_ashenzari, uniq_sigmund
D:3:      lemuel_doored_altar
D:4:      lemuel_crystal_altar, okawaru_altar_gauntlet_db, first_ration
D:5:      grunt_dithmenos_smoke, serial_undead, serial_undead_d,
          serial_undead_c, serial_undead_c, serial_undead_f,
          cheibrodos_sewer_entry_drain, minivault_5
D:6:      bloody_makhleb, tgw_trog, kennysheep_nondescript
D:7:      kennysheep_mini_moat, kennysheep_mini,
          minmay_temple_entry_glassed_door, serial_shops,
          nicolae_shop_statue_plus, grunt_ogre_cave, uniq_pikel, uniq_duvessa
D:8:      minivault_12, uniq_grum
D:9:      vehumet_crystals, overflow_temple_1_default, lair_entry_dummy,
          lemuel_angel_altar
D:11:     lightli_wizard_tower
D:12:     minmay_the_grid_octo_tiled_octocenter, special_room,
          minmay_misc_feat_more_columns, xom_shifter_show, uniq_frances
Temple:   pf_slime_end_temple
